 Dungeon Crawl Stone Soup version 0.30-a0-373-gd37427bb62 (webtiles) character file.

Game seed: 14732282421452813946

32013 timneilson the Protected (level 13, -23/80 HPs)
             Began as a Gargoyle Fighter on Nov 24, 2022.
             Was a High Priest of Okawaru.
             Annihilated by a cane toad (25 damage)
             ... on level 1 of the Lair of Beasts.
             The game lasted 00:38:05 (13912 turns).

timneilson the Protected (Gargoyle Fighter)        Turns: 13912, Time: 00:38:06

Health: -23/80     AC: 39    Str: 25    XL:     13   Next: 61%
Magic:  17/18      EV: 15    Int:  9    God:    Okawaru [*****.]
Gold:   577        SH:  8    Dex:  9    Spells: 12/12 levels left

rFire   + + .      SeeInvis +    j - +10 falchion "Fun Wuash" {vorpal, Contam rF++ Will+ SInv}
rCold   . . .      Faith    .    c - +0 buckler
rNeg    + . .      Spirit   .    q - +0 plate armour
rPois   ∞          Reflect  .    i - +0 helmet
rElec   +          Harm     .    G - +1 cloak {Will+}
rCorr   .          Rampage  .    r - +0 pair of gloves
Will    ++...                    m - +0 pair of boots
Stlth   ..........               (no amulet)
HPRegen 0.33/turn                f - +4 ring of evasion
MPRegen 0.16/turn                o - +4 ring of protection

@: heroic
A: sickness immunity, AC +9, negative energy resistance 1, electricity
resistance, torment resistance 1, petrification resistance
a: Renounce Religion, Heroism, Finesse, Duel


You were on level 1 of the Lair of Beasts.
You worshipped Okawaru.
Okawaru was extremely pleased with you.
You visited 3 branches of the dungeon, and saw 15 of its levels.
You also visited: Ossuary.

You collected 1077 gold pieces.
You spent 500 gold pieces at shops.

Inventory:

Hand Weapons
 a - a +1 spectral long sword
 j - the +10 falchion "Fun Wuash" (weapon) {vorpal, Contam rF++ Will+ SInv}
   (You took it off a gnoll on level 7 of the Dungeon)

   It inflicts extra damage upon your enemies.
   rF:        It greatly protects you from fire.
   SInv:      It lets you see invisible.
   Contam:    It causes magical contamination when unequipped.
   Will:      It increases your willpower.
Missiles
 e - an atropa-tipped dart
 B - 4 throwing nets (quivered)
Armour
 c - a +0 buckler (worn)
 i - a +0 helmet (worn)
 m - a +0 pair of boots (worn)
 q - a +0 plate armour (worn)
 r - a +0 pair of gloves (worn)
 G - a +1 cloak of willpower (worn)
Jewellery
 f - a +4 ring of evasion (left hand)
 o - a +4 ring of protection (right hand)
 u - a +4 ring of protection
 y - a ring of protection from cold
 O - a ring of positive energy
 P - a ring of protection from fire
Wands
 b - a wand of roots (4)
 C - a wand of quicksilver (12)
 F - a wand of paralysis (6)
 J - a wand of digging (5)
 L - a wand of polymorph (2)
 N - a wand of mindburst (28)
Scrolls
 l - 6 scrolls of blinking
 n - 2 scrolls of fog
 p - 6 scrolls of identify
 t - 2 scrolls of poison
 D - a scroll of enchant weapon
 E - 3 scrolls of teleportation
 H - 2 scrolls of amnesia
Potions
 d - 2 potions of lignification
 g - 2 potions of flight
 h - 2 potions of ambrosia
 k - 2 potions of brilliance
 s - a potion of magic
 w - 3 potions of might
 x - a potion of berserk rage
 z - a potion of mutation
 A - 6 potions of curing
 I - a potion of invisibility
 K - a potion of attraction
 M - a potion of haste


   Skills:
 + Level 8.9(13.9) Fighting
 * Level 10.0(15.0) Long Blades
 * Level 12.1(17.1) Armour
 + Level 6.1(11.1) Dodging
 * Level 12.0(17.0) Shields
 + Level 7.0 Invocations
 + Level 5.3 Evocations


You had 12 spell levels left.
You didn't know any spells.
Your spell library contained the following spells:

 Spells                   Type           Power      Damage    Failure   Level
 Magic Dart               Conj           0%         1d3       96%         1
 Blink                    Tloc           0%         N/A       99%         2
 Momentum Strike          Conj/Tloc      0%         3d8       99%         2
 Searing Ray              Conj           0%         2d4       99%         2
 Ignite Poison            Fire/Tmut/Pois 0%         N/A       100%        3
 Kindle Blastsparks       Fire/Tloc/Air  0%         2d10      100%        3
 Lesser Beckoning         Tloc           0%         N/A       100%        3
 Fulminant Prism          Conj/Hex       0%         3d5       100%        4
 Freezing Cloud           Conj/Ice/Air   0%         6-21      100%        5
 Iskenderun's Battlesphe  Conj           0%         2d6       100%        5
 Iron Shot                Conj/Erth      0%         9d1       100%        6
 Spellforged Servitor     Conj/Summ      Unusable   N/A       N/A         7

Dungeon Overview and Level Annotations

Branches:
Dungeon (12/15)            Temple (1/1) D:6            Lair (2/5) D:10
  Swamp (0/4) Lair:2          Orc (0/2) D:10        Ossuary (visited)
  Snake: Lair:2-3    Spider: Lair:2-3

Altars:
Ashenzari
Cheibriados
Dithmenos
Elyvilon
Fedhas
Gozag
Hepliaklqana
Kikubaaqudgha
Makhleb
Nemelex Xobeh
Okawaru
Qazlal
Ru
Sif Muna
Trog
Uskayaw
Vehumet
Wu Jian
Xom
Yredelemnul
Zin
The Shining One

Shops:
D:3 :   D:7 (   D:9 !   D:11 *

Annotations:
Lair:1 3 transporters, Diaxkar's ghost, journeyman DsFE
Lair:2 2 transporters, NinjaNoafa's ghost, journeyman DrFE


Innate Abilities, Weirdness & Mutations

You are immune to sickness and miasma.
Your stone body is resilient. (AC +9)
You are immune to poison.
You resist negative energy. (rN+)
You are resistant to electric shocks. (rElec)
You are resistant to unholy torment.
You are immune to petrification.


Message History

The stinking cloud engulfs the cane toad but does no damage.
The stinking cloud engulfs Diaxkar's ghost but does no damage.
The stinking cloud engulfs the yak but does no damage.
The stinking cloud engulfs the wyvern but does no damage.
The stinking cloud engulfs the cane toad but does no damage.
The yak misses you.
You slash the wyvern!
You kill the wyvern!
Okawaru accepts your kill. The cane toad barely misses you.
The cane toad closely misses you.
Unknown command.
You hit Diaxkar's ghost but do no damage.
Diaxkar's ghost is lightly damaged.
Diaxkar's ghost hits you but does no damage.
The yak gores you. The cane toad stings you. The cane toad misses you.
You slash Diaxkar's ghost!
Diaxkar's ghost is moderately damaged.
The moth of wrath goads the yak on!
The yak goes berserk!
The moth of wrath goads the cane toad on!
The cane toad goes berserk!
Unknown command.
You closely miss Diaxkar's ghost.
Diaxkar's ghost is moderately damaged.
The cane toad stings you!!
* * * LOW HITPOINT WARNING * * *
The yak barely misses you. You block Diaxkar's ghost's attack.
The cane toad stings you.
* * * LOW HITPOINT WARNING * * *
You feel much better. The cane toad stings you!
* * * LOW HITPOINT WARNING * * *
The yak gores you but does no damage. The cane toad closely misses you.
You block the cane toad's attack.
Diaxkar's ghost hits you but does no damage.
The yak gores you!
* * * LOW HITPOINT WARNING * * *
You block the cane toad's attack. The cane toad attacks as you move away!
The cane toad stings you but does no damage.
The cane toad attacks as you move away! The cane toad stings you!!
You die...

..........##..####...#
...##................#
..###................###
#.##................†..#
..........###©####.....##
.........##.###..#####..##
........##......#....#...#
........# ...#...#...##.##
........#..##..#@.....#.#
........#...#.WFF.##.©#.#
.......##.#....°#.....#.#
.......#....###=..##.##.#
.......##..#.$)!?....#..#
........###. #####..##.##
..........####.©.####..#
......................##
............##..#+.#.##


You could see 2 cane toads and Diaxkar's ghost.

Vanquished Creatures
  Fannar (Lair:2)
  Harold (D:10)
  Erolcha (D:10)
  2 boulder beetles (D:11)
  A centaur warrior (D:10)
  3 death yaks (Lair:2)
  A two-headed ogre (D:10)
  The ghost of lunkers the Geomancer, a novice MeEE of Ashenzari (D:6)
  Pikel (D:7)
  An ugly thing (D:11)
  A manticore (D:11)
  2 black mambas
  A gargoyle (D:12)
  Maurice (D:9)
  An unseen horror (D:11)
  3 cane toads
  Maggie (D:7)
  A kobold demonologist (D:9)
  A komodo dragon (D:11)
  An unseen horror skeleton (D:6)
  3 trolls
  Grinder (D:6)
  Prince Ribbit (D:7)
  A hornet (D:7)
  5 blink frogs (Lair:2)
  The ghost of timneilson the Shield-Bearer, an amateur GrFi (D:4)
  2 vampires
  A wraith (D:6)
  4 wyverns
  18 yaks
  An unseen horror simulacrum (D:6)
  Grum (D:10)
  A basilisk (D:10)
  4 vampire mosquitoes (D:8)
  Menkaure (D:4)
  2 acid dragons (D:10)
  Edmund (D:4)
  3 water moccasins
  8 orc warriors
  3 ice beasts
  2 sky beasts
  A black bear (D:10)
  6 centaurs
  An ogre (D:5)
  10 wolves
  A phantom (D:5)
  4 kobold brigands
  3 gnoll sergeants
  8 bullfrogs
  2 necrophages
  9 scorpions
  4 wights
  3 electric eels
  3 howler monkeys
  3 centaur zombies
  2 lava snakes (Lair:1)
  2 human zombies (Ossuary)
  A jelly (D:7)
  7 orc priests
  Jessica (D:2)
  3 gnoll boudas
  14 orc wizards
  5 scorpion zombies (Ossuary)
  Natasha (thrice) (D:2)
  2 iguanas
  A spectral killer bee (D:6)
  A killer bee zombie (D:6)
  3 mummies (Ossuary)
  20 gnolls
  7 adders
  3 white imps
  A worm (D:3)
  2 dart slugs
  49 orcs
  7 bats
  5 endoplasms
  2 gnoll zombies (Ossuary)
  9 goblins
  4 hobgoblins
  2 quokkas
  8 ball pythons
  2 frilled lizards (D:2)
  6 goblin zombies (Ossuary)
  18 kobolds
  3 kobold zombies (Ossuary)
  2 orc zombies (Ossuary)
  4 rats
347 creatures vanquished.

Vanquished Creatures (others)
  A bullfrog (Lair:2)
  A lava snake (Lair:1)
  10 fungi (Lair:2)
  6 plants
18 creatures vanquished.

Grand Total: 365 creatures vanquished

Notes
Turn   | Place    | Note
-------+----------+-------------------------------------------
     0 | D:1      | timneilson the Gargoyle Fighter began the quest for the
                  | Orb.
     0 | D:1      | Reached XP level 1. HP: 14/14 MP: 1/1
   166 | D:1      | Reached XP level 2. HP: 19/19 MP: 2/2
   168 | D:1      | Found a faded altar of an unknown god.
   537 | D:2      | Reached XP level 3. HP: 21/23 MP: 3/3
   693 | D:2      | Noticed Jessica
   715 | D:2      | Noticed Natasha
   719 | D:2      | Killed Jessica
   720 | D:2      | Reached XP level 4. HP: 19/28 MP: 4/4
   728 | D:2      | Killed Natasha
   764 | D:2      | Noticed Natasha
   774 | D:2      | Killed Natasha
   775 | D:2      | Reached skill level 1 in Dodging
   775 | D:2      | Reached XP level 5. HP: 24/33 MP: 5/5
   917 | D:2      | Found the Hermit's Pendant {Faith Invo=14 Evo=0 MP+5}
  1069 | D:2      | Noticed Natasha
  1076 | D:2      | Killed Natasha
  1480 | D:3      | Found Omeirpho's Book Shoppe.
  1684 | D:3      | Reached XP level 6. HP: 36/38 MP: 6/6
  2303 | D:4      | Noticed Menkaure
  2304 | D:4      | Found a runed translucent door.
  2313 | D:4      | Killed Menkaure
  2426 | D:4      | Noticed timneilson's ghost (amateur GrFi)
  2538 | D:4      | Noticed Edmund
  2552 | D:4      | Killed Edmund
  2553 | D:4      | Reached skill level 5 in Armour
  2553 | D:4      | Reached skill level 5 in Shields
  2553 | D:4      | Reached XP level 7. HP: 26/43 MP: 7/7
  2840 | D:5      | Entered Level 5 of the Dungeon
  3716 | D:5      | Reached XP level 8. HP: 48/48 MP: 8/8
  4100 | D:6      | Reached skill level 5 in Fighting
  4284 | D:6      | Noticed a wraith
  4322 | D:6      | Killed a wraith
  4323 | D:6      | Reached skill level 5 in Long Blades
  4360 | D:6      | Found a runed translucent gate.
  4360 | D:6      | Found a runed translucent gate.
  4360 | D:6      | Found a runed translucent gate.
  4369 | D:6      | Noticed lunkers's ghost (novice MeEE)
  4523 | D:6      | Found a staircase to the Ecumenical Temple.
  4532 | Temple   | Entered the Ecumenical Temple
  4969 | Temple   | Became a worshipper of Warmaster Okawaru
  5030 | D:6      | Noticed Grinder
  5032 | D:6      | Paralysed by Grinder for 5 turns
  5069 | D:6      | Killed Grinder
  5070 | D:6      | Reached XP level 9. HP: 36/54 MP: 9/9
  5174 | D:6      | Reached skill level 1 in Invocations
  5804 | D:7      | Noticed Maggie
  5804 | D:7      | Noticed Prince Ribbit
  5856 | D:7      | Killed Maggie
  5856 | D:7      | Reached * piety under Okawaru
  5882 | D:7      | Killed Prince Ribbit
  6032 | D:7      | Noticed Pikel
  6066 | D:7      | Killed Pikel
  6112 | D:7      | Found Netuet's Weapon Emporium.
  6137 | D:7      | Identified the +10 falchion "Fun Wuash" {vorpal, Contam
                  | rF++ Will+ SInv}
  6260 | D:7      | Reached ** piety under Okawaru
  6416 | D:7      | Reached XP level 10. HP: 57/60 MP: 12/12
  6481 | D:7      | Reached skill level 1 in Evocations
  6775 | D:8      | Found a sand-covered staircase.
  6786 | Ossuary  | Entered an ossuary
  7040 | Ossuary  | Reached *** piety under Okawaru
  8046 | D:9      | Reached **** piety under Okawaru
  8054 | D:9      | Received a gift from Okawaru
  8055 | D:9      | Reached XP level 11. HP: 42/66 MP: 14/14
  8458 | D:9      | Noticed Maurice
  8482 | D:9      | Killed Maurice
  8578 | D:9      | Identified the +5 scale mail of Claustrophobia {rN+}
  8605 | D:9      | Found Miraf's Distillery.
  8621 | D:9      | Bought a potion of experience for 500 gold pieces
  8621 | D:9      | Reached skill level 10 in Armour
  8621 | D:9      | Reached skill level 5 in Dodging
  8621 | D:9      | Reached skill level 10 in Shields
  8621 | D:9      | Reached skill level 5 in Invocations
  8621 | D:9      | Reached XP level 12. HP: 73/73 MP: 15/15
  8939 | D:10     | Entered Level 10 of the Dungeon
  8939 | D:10     | Noticed Grum
  8946 | D:10     | Killed Grum
  9028 | D:10     | Found a staircase to the Lair.
  9044 | D:10     | Received a gift from Okawaru
  9270 | D:10     | Found a basalt altar of Yredelemnul.
  9316 | D:10     | Noticed a centaur warrior
  9328 | D:10     | Killed a centaur warrior
  9390 | D:10     | Reached ***** piety under Okawaru
  9547 | D:10     | Noticed Erolcha
  9559 | D:10     | Killed Erolcha
  9569 | D:10     | Found a hide-covered altar of Uskayaw.
  9739 | D:10     | Noticed Harold
  9751 | D:10     | Killed Harold
  9860 | D:10     | Noticed a two-headed ogre
  9883 | D:10     | Killed a two-headed ogre
  9961 | D:10     | Found a staircase to the Orcish Mines.
 10337 | D:11     | Noticed a boulder beetle
 10385 | D:11     | Killed a boulder beetle
 10562 | D:11     | Noticed a boulder beetle
 10610 | D:11     | Killed a boulder beetle
 11226 | D:11     | Reached XP level 13. HP: 58/79 MP: 17/17
 11233 | D:11     | Found Sasir's Assorted Antiques.
 11408 | D:12     | Noticed an angel
 11571 | Lair:1   | Entered Level 1 of the Lair of Beasts
 11688 | Lair:1   | Found a transporter.
 11714 | Lair:1   | Found a transporter.
 11718 | Lair:1   | Noticed Diaxkar's ghost (journeyman DsFE)
 11738 | Lair:1   | Found a transporter.
 11797 | Lair:1   | Found a transporter.
 12538 | Lair:2   | Noticed Fannar
 12553 | Lair:2   | Killed Fannar
 12554 | Lair:2   | Reached skill level 5 in Evocations
 12603 | Lair:2   | Received a gift from Okawaru
 12792 | Lair:2   | Found a transporter.
 12792 | Lair:2   | Noticed NinjaNoafa's ghost (journeyman DrFE)
 12863 | Lair:2   | Found a transporter.
 12976 | Lair:2   | Received a gift from Okawaru
 13254 | Lair:2   | Found a staircase to the Swamp.
 13603 | D:4      | Killed timneilson's ghost
 13688 | D:6      | Reached skill level 10 in Long Blades
 13700 | D:6      | Killed lunkers's ghost
 13909 | Lair:1   | HP: 2/80 [cane toad (4)]
 13912 | Lair:1   | Annihilated by a cane toad

Illustrated notes

Levels and vault maps discovered:
D:1:      dpeg_arrival_simpleton_b, layout_rooms,
          nicolae_ecumenical_snake_handling
D:2:      layout_loops_ring, dreamdust_princess_corridor, uniq_natasha,
          uniq_jessica
D:3:      layout_loops_cross, serial_shops, nicolae_diamond_shop,
          kennysheep_another_room
D:4:      layout_rooms, ebering_ghost_reflecting_pool, uniq_edmund,
          uniq_menkaure
D:5:      layout_rooms
D:6:      layout_basic, minmay_temple_entry_arrows, gammafunk_ghost_necromancy,
          uniq_grinder
D:7:      layout_loops_ring, serial_shops, nicolae_shop_behind_doors,
          supply_closet_lemuel, uniq_maggie, uniq_prince_ribbit1, uniq_pikel
D:8:      layout_cave_pods, lightli_ossuary_entry_decrepit_ruins
D:9:      layout_loops_ring, serial_shops, nicolae_shop_hallway_stairs,
          uniq_maurice
D:10:     layout_roguey, old_standard_altar, mainiacjoe_overflow_24_doors,
          david_lair_generic, david_orc_4, hangedman_corner_corridor,
          uniq_erolcha, uniq_grum, uniq_harold
D:11:     layout_cave_pods, serial_shops, kennysheep_mini_moat
D:12:     layout_loops_ring, nicolae_good_shop
Temple:   mainiacjoe_temple_big_plus
Lair:1:   gammafunk_worm_tunnel, layout_regular_city,
          gammafunk_ghost_berserking_beasts, nicolae_lair_liquid_snakes,
          grunt_megastairs_1
Lair:2:   layout_loops_ring, swamp_mist, gammafunk_ghost_arena,
          nicolae_quartered_pool_little, grunt_forest_stairs_basic,
          lemuel_old_faithful, uniq_fannar

Skill      XL: |  1  2  3  4  5  6  7  8  9 10 11 12 13 |
---------------+----------------------------------------+-----
Long Blades    | 2 3 4 5 6 7 8 9 10 | 10.0
Armour         | 4 5 6 8 9 10 11 12 | 12.1
Shields        | 4 5 6 8 9 10 11 12 | 12.0
Dodging        | 1 2 3 4 5 6 |  6.1
Fighting       | 4 5 6 7 8 |  8.9
Invocations    | 2 4 5 6 7 |  7.0
Evocations     | 2 3 4 5 |  5.3

Action                   |  1- 3 |  4- 6 |  7- 9 | 10-12 | 13-15 || total
-------------------------+-------+-------+-------+-------+-------++-------
Melee: Long sword        |   114 |   218 |   555 |       |       ||   887
       Falchion          |       |       |    34 |   683 |   368 ||  1085
Invok: Heroism           |       |       |     3 |     9 |     5 ||    17
       Finesse           |       |       |       |     2 |       ||     2
  Use: Scroll            |     6 |     4 |     6 |     9 |     4 ||    29
       Potion            |       |     1 |    11 |     4 |     3 ||    19
 Stab: Invisible         |       |       |     2 |       |       ||     2
Armor: Scale mail        |    76 |   103 |   218 |       |       ||   397
       Chain mail        |       |       |    34 |   173 |       ||   207
       Plate armour      |       |       |       |   178 |   172 ||   350
Dodge: Dodged            |    65 |   135 |   363 |   370 |   195 ||  1128
Block: Buckler           |    26 |    50 |   147 |   217 |   106 ||   546

Table legend: (Time is in decaauts)
 A = Elapsed time spent in this place.
 B = Non-inter-level travel time spent in this place.
 C = Inter-level travel time spent in this place.
 D = Time resting spent in this place.
 E = Time spent auto-exploring this place.
 F = Levels seen in this place.
 G = Mean time per level.
                   A        B        C        D        E       F      G
               +--------+--------+--------+--------+--------+-----+--------+
         Total |  13961 |  13097 |    864 |    394 |   8949 |  16 |  872.6 |
       Dungeon |  11207 |  10578 |    629 |    327 |   7191 |  12 |  933.9 |
        Temple |    459 |    392 |     67 |      0 |    382 |   1 |  459.0 |
          Lair |   1922 |   1754 |    168 |     34 |   1252 |   2 |  961.0 |
       Ossuary |    372 |    372 |      0 |     33 |    124 |   1 |  372.0 |
               +--------+--------+--------+--------+--------+-----+--------+

Top non-repeatable levels by time:
     D:6: 1592 daAuts
    D:10: 1374 daAuts
    D:11: 1159 daAuts
     D:4: 1153 daAuts
  Lair:1: 1042 daAuts
     D:7: 998 daAuts
     D:8: 998 daAuts
     D:9: 959 daAuts
     D:2: 893 daAuts
  Lair:2: 880 daAuts
     D:3: 849 daAuts
     D:5: 693 daAuts
     D:1: 481 daAuts
  Temple: 459 daAuts
 Ossuary: 372 daAuts
